Map: Triton LE

Players

Gemini

  • Race: Protoss Protoss
  • League: Grandmaster
  • Spawn Location: 11:00

A.I. 1 (Very Easy) - Winner!

  • Race: Protoss Protoss
  • Spawn Location: 5:00

VOD

Have the link to the VOD?

Description

Time

  • Played on: Dec. 8, 2019, 12:19 p.m.
  • Length: 8:53
Show
View Real Time Build Order
Export as new Build Order

Gemini Protoss 

Build Orders: Oracle Opening, Archon Immortal 

Get SALT Encoding   

  12  0:00  Probe  
  13  0:13  Probe  
  14  0:17  Pylon  
  14  0:25  Probe (Chrono Boost)  
  15  0:37  Gateway, Probe (Chrono Boost)  
  16  0:43  Probe (Chrono Boost)  
  16  0:46  Assimilator  
  17  0:51  Probe  
  17  0:55  Assimilator  
  18  1:04  Probe (Chrono Boost)  
  19  1:11  Gateway  
  19  1:15  Probe (Chrono Boost)  
  20  1:20  Probe (Chrono Boost)  
  20  1:25  Cybernetics Core  
  21  1:30  Probe  
  22  1:36  Pylon  
  22  1:42  Probe  
  23  2:01  Stargate  
  23  2:05  Stalker  
  23  2:07  Stalker  
  27  2:14  Warp Gate  
  27  2:16  Pylon  
  27  2:42  Oracle (Chrono Boost)  
  30  2:52  Nexus  
  30  3:01  Pylon  
  30  3:09  Probe  
  31  3:12  Oracle (Chrono Boost)  
  34  3:21  Probe  
  35  3:32  Robotics Facility  
  35  3:33  Probe  
  36  3:44  Shield Battery  
  36  3:45  Probe  
  37  3:59  Probe (Chrono Boost)  
  38  4:03  Sentry  
  38  4:05  Probe (Chrono Boost)  
  42  4:14  Probe x2 (Chrono Boost)  
  43  4:17  Forge  
  43  4:19  Probe (Chrono Boost)  
  43  4:21  Probe (Chrono Boost)  
  46  4:29  Immortal  
  50  4:33  Probe (Chrono Boost)  
  50  4:34  Pylon  
  50  4:37  Probe (Chrono Boost)  
  51  4:41  Probe (Chrono Boost)  
  51  4:44  Probe (Chrono Boost)  
  51  4:45  Protoss Ground Weapons Level 1 (Chrono Boost)  
  53  4:48  Probe  
  54  4:55  Probe  
  55  5:01  Probe  
  55  5:03  Assimilator  
  55  5:05  Assimilator  
  56  5:07  Probe  
  56  5:10  Immortal  
  62  5:14  Probe (Chrono Boost)  
  62  5:19  Probe (Chrono Boost)  
  62  5:20  Twilight Council  
  63  5:22  Pylon  
  64  5:30  Probe (Chrono Boost)  
  64  5:31  Probe (Chrono Boost)  
  64  5:35  Probe (Chrono Boost)  
  65  5:37  Probe  
  67  5:46  Pylon  
  71  5:50  Immortal  
  71  5:55  Charge  
  71  5:59  Templar Archives  
  71  6:01  Gateway  
  71  6:04  Gateway  
  71  6:06  Gateway  
  71  6:08  Gateway  
  71  6:10  Gateway  
  71  6:18  Gateway  
  71  6:19  Pylon  
  71  6:23  Zealot  
  71  6:24  Zealot  
  75  6:33  Protoss Ground Weapons Level 2 (Chrono Boost)  
  75  6:34  Immortal  
  75  6:38  Pylon  
  79  6:46  High Templar x2  
  83  6:50  Archon  
  83  6:56  Nexus  
  83  6:58  Pylon  
  83  7:13  Immortal  
  87  7:19  High Templar  
  87  7:20  Zealot x3, High Templar  
  97  7:24  Pylon  
  97  7:25  Archon  
  97  7:28  Zealot x2  
  101  7:31  Pylon  
  101  7:38  Zealot  
  103  7:48  High Templar x2  
  107  7:52  Archon, Zealot, Warp Prism (Chrono Boost)  
  107  7:53  Zealot  
  107  7:56  Zealot  
  115  8:04  Zealot x2  
  119  8:12  Probe x2  
  121  8:13  Probe  
  121  8:15  Zealot, High Templar x2  
  121  8:17  Zealot  
  121  8:19  Archon  
  130  8:24  Probe, Pylon  
  130  8:25  Probe  
  132  8:36  Probe  
  132  8:37  Probe x2  
  135  8:46  High Templar  
  135  8:47  Zealot x4, High Templar  
  148  8:50  Archon  
Show
View Real Time Build Order
Export as new Build Order

A.I. 1 (Very Easy) Protoss - Winner!

Build Orders:  

Get SALT Encoding   

  12  0:00  Probe  
  13  0:13  Probe  
  14  0:19  Pylon  
  14  0:36  Assimilator  
  14  0:43  Gateway  
  14  0:46  Pylon  
  14  1:14  Assimilator  
  14  1:16  Probe  
  14  1:24  Probe  
  15  1:32  Probe  
  16  1:34  Cybernetics Core  
  17  1:42  Probe  
  18  1:55  Probe  
  18  2:00  Warp Gate  
  19  2:03  Probe  
  20  2:09  Stalker  
  22  3:28  Probe  
  17  3:40  Probe  
  16  3:52  Probe  
  17  4:03  Probe  
  18  4:12  Probe  
  19  4:20  Probe  
  20  4:31  Probe  
  21  4:43  Probe  
  15  4:55  Probe  
  16  5:06  Probe  
  17  5:15  Probe  
  18  5:23  Probe  
  19  5:33  Probe  
  20  5:37  Zealot  
  20  5:39  Pylon  
  20  5:42  Robotics Facility  
  22  5:45  Probe  
  22  5:57  Probe  
  23  6:09  Probe  
  24  6:17  Probe  
  23  6:26  Probe  
  23  6:29  Zealot  
  23  6:31  Observer  
  27  6:36  Probe  
  28  6:48  Probe  
  28  6:53  Observer  
  30  6:54  Pylon  
  30  7:00  Probe  
  31  7:20  Stalker  
  33  8:00  Nexus  
Tags
 
Composition
Archon Immortal
Matchup
PvP
Spawn Locations
Cross Positions
Add a new tag
Caveats
  • Supply blocks, unpowered buildings, or Contaminate may cause inaccurate times.
  • Supply counts are checked every 10 seconds.